[ AOE2 MATCH · #478015742 ]
Team RMBurgundians vs Turks
[ REPLAY ANALYSIS · EXTRACTED FROM THE RECORDED GAME ]
Feudal
13:35
Castle
18:07
Imperial
—
| APM avg | 15.7 |
| APM peak | 37 |
| eAPM avg | 10.9 |
| Villagers / military | 59 / 44 |
Focus
⚔️ 13.9% · 🌾 86.1%
Knight ×44 · Fishing Ship ×8
Feudal
12:22
Castle
15:53
Imperial
—
| APM avg | 21.4 |
| APM peak | 50 |
| eAPM avg | 16.1 |
| Villagers / military | 94 / 41 |
Focus
⚔️ 26.8% · 🌾 73.2%
Knight ×40 · Fishing Ship ×4 · Monk ×1
Feudal
11:22
Castle
17:28
Imperial
23:22
| APM avg | 59.8 |
| APM peak | 162 |
| eAPM avg | 37.5 |
| Villagers / military | 79 / 159 |
Focus
⚔️ 51.1% · 🌾 48.9%
Hand Cannoneer ×142 · Fishing Ship ×17 · Bombard Cannon ×16 · Monk ×1
Feudal
13:45
Castle
19:20
Imperial
31:26
| APM avg | 41.5 |
| APM peak | 75 |
| eAPM avg | 28.9 |
| Villagers / military | 209 / 98 |
Focus
⚔️ 18.0% · 🌾 82.0%
Hand Cannoneer ×75 · Bombard Cannon ×17 · Fishing Ship ×7 · Mangonel ×3 · Janissary ×3
Match map
Initial resources + every placement click. Lines = walls · curves = elevation contours. ◆ gold · ⬟ stone · ● berries · ✦ relic · ◌ wall gap
Your base· ✓ Closed at 18:07 · 22t walls · no gate
IVC | wigibass's base· ✓ Closed at 15:53 · 14t walls · no gate
GTOSCUD's base· ✓ Closed at 17:28 · 28t walls · no gate
GAO++pro a>n's base· ✓ Closed at 19:20 · 53t walls · 2 gate(s)
Smoothed initial terrain · ◌ = detected wall gap · hover for details
Inputs per minute
— Garibas - - IVC | wigibass
Build order — Garibas
First 150 of 193 actions detected
| 0:02 | Build | House |
| 0:03 | Build | House |
| 0:39 | Create | Villager (Male) |
| 0:39 | Create | Villager (Male) |
| 0:40 | Create | Villager (Male) |
| 0:40 | Create | Villager (Male) |
| 1:16 | Research | Loom |
| 2:27 | Build | Palisade Wall |
| 2:29 | Create | Villager (Male) |
| 3:04 | Create | Villager (Male) |
| 3:31 | Create | Villager (Male) |
| 3:38 | Build | Lumber Camp |
| 3:42 | Build | House |
| 3:55 | Create | Villager (Male) |
| 3:57 | Create | Villager (Male) |
| 5:08 | Create | Villager (Male) |
| 5:40 | Create | Villager (Male) |
| 5:41 | Create | Villager (Male) |
| 6:27 | Create | Villager (Male) |
| 6:27 | Create | Villager (Male) |
| 7:11 | Create | Villager (Male) |
| 7:42 | Create | Villager (Male) |
| 7:43 | Create | Villager (Male) |
| 7:45 | Create | Villager (Male) |
| 8:14 | Build | House |
| 8:17 | Build | House |
| 8:57 | Build | Mill |
| 9:01 | Create | Villager (Male) |
| 9:19 | Build | Dock |
| 10:07 | Research | Feudal Age |
| 10:10 | Research | Wheelbarrow |
| 10:12 | Research | Feudal Age |
| 10:20 | Build | House |
| 10:21 | Build | House |
| 10:23 | Build | House |
| 11:08 | Build | Mining Camp |
| 11:29 | Build | House |
| 11:48 | Create | Villager (Male) |
| 11:52 | Research | Double-Bit Axe |
| 12:26 | Create | Fishing Ship |
| 13:35 | Age | Feudal Age |
| 13:41 | Build | Blacksmith |
| 13:50 | Create | Villager (Male) |
| 14:19 | Create | Villager (Male) |
| 14:23 | Research | Gold Mining |
| 14:29 | Build | Market |
| 14:31 | Create | Villager (Male) |
| 14:45 | Create | Fishing Ship |
| 15:27 | Research | Castle Age |
| 15:37 | Create | Fishing Ship |
| 15:54 | Build | Stone Wall |
| 16:09 | Build | Stone Wall |
| 16:22 | Create | Fishing Ship |
| 16:26 | Research | Tech 906 |
| 16:32 | Research | Horse Collar |
| 16:37 | Research | Scale Barding Armor |
| 16:40 | Create | Villager (Male) |
| 16:51 | Build | Farm |
| 16:52 | Build | Farm |
| 17:01 | Build | Farm |
| 17:06 | Build | Farm |
| 17:11 | Build | Farm |
| 17:23 | Create | Fishing Ship |
| 18:07 | Age | Castle Age |
| 18:20 | Build | Barracks |
| 18:25 | Create | Villager (Male) |
| 18:32 | Create | Villager (Male) |
| 18:53 | Build | Fish Trap |
| 19:13 | Build | Fish Trap |
| 19:19 | Create | Villager (Male) |
| 19:41 | Build | Fish Trap |
| 19:46 | Create | Villager (Male) |
| 19:46 | Create | Villager (Male) |
| 19:47 | Create | Villager (Male) |
| 20:03 | Build | Fish Trap |
| 20:17 | Research | Forging |
| 20:18 | Research | Chain Barding Armor |
| 20:23 | Build | Fish Trap |
| 20:39 | Build | Farm |
| 20:47 | Build | Farm |
| 20:55 | Create | Villager (Male) |
| 21:06 | Create | Fishing Ship |
| 21:28 | Build | Lumber Camp |
| 21:32 | Create | Villager (Male) |
| 21:33 | Create | Villager (Male) |
| 21:40 | Build | Farm |
| 21:41 | Build | Farm |
| 21:52 | Build | Fish Trap |
| 22:01 | Create | Villager (Male) |
| 22:07 | Build | House |
| 22:11 | Build | House |
| 22:16 | Research | Iron Casting |
| 22:44 | Build | Stone Wall |
| 22:54 | Build | Stone Wall |
| 22:58 | Create | Villager (Male) |
| 22:58 | Create | Villager (Male) |
| 23:05 | Build | Stable |
| 23:10 | Build | Stable |
| 23:18 | Create | Villager (Male) |
| 23:26 | Build | Dock |
| 23:37 | Create | Villager (Male) |
| 23:58 | Build | Stable |
| 24:12 | Create | Villager (Male) |
| 24:16 | Research | Cavalier (upgrade) |
| 24:22 | Research | Husbandry |
| 24:26 | Build | Stable |
| 24:34 | Build | House |
| 24:36 | Create | Villager (Male) |
| 24:45 | Create | Knight ×5 |
| 24:52 | Build | Farm |
| 25:04 | Build | House |
| 25:08 | Build | House |
| 25:09 | Build | House |
| 25:10 | Build | House |
| 25:12 | Build | House |
| 25:16 | Create | Villager (Male) |
| 25:19 | Build | House |
| 25:22 | Create | Knight ×4 |
| 25:28 | Build | House |
| 25:30 | Build | House |
| 25:34 | Create | Villager (Male) |
| 25:41 | Build | House |
| 25:45 | Build | House |
| 25:49 | Build | Farm |
| 25:49 | Build | Farm |
| 25:49 | Build | Farm |
| 25:50 | Build | Farm |
| 25:52 | Create | Villager (Male) |
| 25:58 | Create | Knight ×2 |
| 26:14 | Build | House |
| 26:17 | Build | House |
| 26:36 | Build | House |
| 26:37 | Build | House |
| 26:39 | Build | House |
| 26:40 | Create | Villager (Male) |
| 26:51 | Build | House |
| 26:55 | Create | Villager (Male) |
| 26:57 | Build | Farm |
| 26:59 | Build | Farm |
| 27:02 | Create | Knight ×5 |
| 27:14 | Create | Villager (Male) |
| 27:23 | Create | Fishing Ship |
| 27:23 | Create | Fishing Ship |
| 27:26 | Research | Gillnets |
| 27:29 | Build | Farm |
| 27:34 | Research | Bow Saw |
| 27:44 | Create | Knight |
| 27:58 | Build | Farm |
| 28:19 | Create | Knight ×4 |
| 28:43 | Build | Farm |
Build order — IVC | wigibass
First 150 of 258 actions detected
| 0:00 | Create | Villager (Male) |
| 0:01 | Create | Villager (Male) |
| 0:02 | Build | House |
| 0:04 | Build | House |
| 0:20 | Research | Loom |
| 0:26 | Create | Villager (Male) |
| 0:54 | Create | Villager (Male) |
| 1:05 | Create | Villager (Male) |
| 1:25 | Build | House |
| 1:49 | Create | Villager (Male) |
| 1:56 | Build | Palisade Wall |
| 1:58 | Build | Palisade Wall |
| 1:59 | Build | Palisade Wall |
| 2:02 | Build | Palisade Wall |
| 2:12 | Create | Villager (Male) |
| 2:13 | Create | Villager (Male) |
| 2:25 | Build | Palisade Wall |
| 2:26 | Build | Palisade Wall |
| 2:43 | Build | Lumber Camp |
| 2:50 | Create | Villager (Male) |
| 2:50 | Create | Villager (Male) |
| 2:54 | Build | Palisade Wall |
| 3:16 | Create | Villager (Male) |
| 3:45 | Build | House |
| 3:49 | Create | Villager (Male) |
| 3:49 | Create | Villager (Male) |
| 4:14 | Build | House |
| 4:17 | Create | Villager (Male) |
| 4:17 | Create | Villager (Male) |
| 4:28 | Build | Palisade Wall |
| 4:29 | Build | Palisade Wall |
| 4:40 | Create | Villager (Male) |
| 5:01 | Build | Palisade Wall |
| 5:07 | Create | Villager (Male) |
| 5:08 | Create | Villager (Male) |
| 5:36 | Create | Villager (Male) |
| 5:53 | Build | Dock |
| 5:57 | Create | Villager (Male) |
| 5:57 | Create | Villager (Male) |
| 6:12 | Build | House |
| 6:16 | Create | Villager (Male) |
| 6:17 | Create | Villager (Male) |
| 6:28 | Create | Villager (Male) |
| 6:29 | Create | Villager (Male) |
| 6:38 | Create | Fishing Ship |
| 6:45 | Create | Villager (Male) |
| 7:15 | Build | House |
| 7:30 | Create | Villager (Male) |
| 7:38 | Create | Fishing Ship |
| 7:45 | Build | House |
| 7:47 | Create | Villager (Male) |
| 8:11 | Build | Palisade Wall |
| 8:21 | Create | Villager (Male) |
| 8:42 | Create | Fishing Ship |
| 8:48 | Create | Villager (Male) |
| 9:01 | Create | Villager (Male) |
| 9:11 | Build | Mill |
| 9:38 | Create | Villager (Male) |
| 10:12 | Research | Feudal Age |
| 10:17 | Build | Mining Camp |
| 10:22 | Create | Fishing Ship |
| 11:01 | Create | Villager (Male) |
| 11:01 | Create | Villager (Male) |
| 12:22 | Age | Feudal Age |
| 12:28 | Build | Market |
| 12:31 | Build | Blacksmith |
| 13:13 | Research | Castle Age |
| 13:20 | Research | Double-Bit Axe |
| 14:18 | Research | Horse Collar |
| 14:25 | Build | Mill |
| 14:39 | Build | Farm |
| 14:43 | Build | Farm |
| 14:56 | Research | Tech 906 |
| 15:12 | Build | Lumber Camp |
| 15:38 | Create | Villager (Male) |
| 15:53 | Age | Castle Age |
| 16:00 | Build | Town Center |
| 16:01 | Create | Villager (Male) |
| 16:21 | Create | Villager (Male) |
| 16:45 | Create | Villager (Male) |
| 17:00 | Create | Villager (Male) |
| 17:13 | Build | Town Center |
| 17:19 | Create | Villager (Male) |
| 17:29 | Research | Bow Saw |
| 17:42 | Create | Villager (Male) |
| 17:42 | Create | Villager (Male) |
| 17:50 | Build | Lumber Camp |
| 18:02 | Create | Villager (Male) |
| 18:06 | Build | Fish Trap |
| 18:10 | Create | Villager (Male) |
| 18:15 | Create | Villager (Male) |
| 18:15 | Create | Villager (Male) |
| 18:21 | Build | Fish Trap |
| 18:34 | Build | Fish Trap |
| 18:38 | Create | Villager (Male) |
| 18:44 | Build | Fish Trap |
| 18:45 | Create | Villager (Male) |
| 18:52 | Research | Heavy Plow |
| 18:55 | Create | Villager (Male) |
| 19:09 | Create | Villager (Male) |
| 19:16 | Build | House |
| 19:17 | Build | House |
| 19:23 | Create | Villager (Male) |
| 19:26 | Build | Farm |
| 19:29 | Build | Farm |
| 19:31 | Build | Farm |
| 19:33 | Build | Farm |
| 19:34 | Build | Farm |
| 19:37 | Build | Farm |
| 19:38 | Create | Villager (Male) |
| 19:38 | Create | Villager (Male) |
| 19:49 | Build | Farm |
| 19:50 | Create | Villager (Male) |
| 19:51 | Create | Villager (Male) |
| 19:55 | Build | Farm |
| 19:59 | Build | Farm |
| 20:07 | Build | Farm |
| 20:11 | Build | Farm |
| 20:14 | Build | Farm |
| 20:16 | Build | Farm |
| 20:16 | Create | Villager (Male) |
| 20:17 | Create | Villager (Male) |
| 20:20 | Build | Farm |
| 20:21 | Build | Farm |
| 20:22 | Build | Farm |
| 20:23 | Create | Villager (Male) |
| 20:23 | Create | Villager (Male) |
| 20:29 | Build | Farm |
| 20:37 | Build | Farm |
| 20:38 | Create | Villager (Male) |
| 20:38 | Create | Villager (Male) |
| 20:45 | Create | Villager (Male) |
| 20:48 | Build | Farm |
| 20:49 | Create | Villager (Male) |
| 20:50 | Create | Villager (Male) |
| 21:04 | Build | Monastery |
| 21:08 | Build | House |
| 21:09 | Build | House |
| 21:09 | Build | House |
| 21:09 | Build | House |
| 21:10 | Create | Villager (Male) |
| 21:11 | Create | Villager (Male) |
| 21:18 | Build | Farm |
| 21:21 | Create | Villager (Male) |
| 21:22 | Create | Villager (Male) |
| 21:24 | Build | Farm |
| 21:31 | Build | Farm |
| 21:39 | Create | Villager (Male) |
| 21:40 | Create | Villager (Male) |
| 21:41 | Create | Villager (Male) |
Build order — GTOSCUD
First 150 of 263 actions detected
| 0:01 | Create | Villager (Male) |
| 0:02 | Build | House |
| 0:05 | Build | House |
| 0:09 | Create | Villager (Male) |
| 0:15 | Create | Villager (Male) |
| 0:30 | Research | Loom |
| 0:44 | Create | Villager (Male) |
| 0:45 | Create | Villager (Male) |
| 1:49 | Build | Palisade Wall |
| 1:55 | Create | Villager (Male) |
| 2:18 | Create | Villager (Male) |
| 2:41 | Build | Palisade Wall |
| 2:48 | Create | Villager (Male) |
| 2:48 | Create | Villager (Male) |
| 3:00 | Build | Lumber Camp |
| 3:09 | Create | Villager (Male) |
| 3:33 | Create | Villager (Male) |
| 3:34 | Create | Villager (Male) |
| 3:54 | Build | Palisade Wall |
| 3:57 | Create | Villager (Male) |
| 4:27 | Build | House |
| 4:30 | Build | Palisade Wall |
| 4:32 | Create | Villager (Male) |
| 4:33 | Create | Villager (Male) |
| 4:56 | Create | Villager (Male) |
| 5:20 | Create | Villager (Male) |
| 5:52 | Create | Villager (Male) |
| 5:53 | Create | Villager (Male) |
| 6:09 | Build | Dock |
| 6:16 | Create | Villager (Male) |
| 6:17 | Create | Villager (Male) |
| 6:40 | Create | Villager (Male) |
| 6:40 | Create | Villager (Male) |
| 6:48 | Create | Villager (Male) |
| 6:48 | Create | Villager (Male) |
| 6:50 | Create | Fishing Ship |
| 6:50 | Create | Fishing Ship |
| 6:58 | Build | House |
| 7:27 | Create | Fishing Ship |
| 7:44 | Create | Villager (Male) |
| 7:45 | Create | Villager (Male) |
| 8:16 | Create | Villager (Male) |
| 8:16 | Create | Villager (Male) |
| 8:17 | Create | Villager (Male) |
| 8:18 | Create | Villager (Male) |
| 8:19 | Create | Villager (Male) |
| 8:27 | Create | Villager (Male) |
| 9:12 | Research | Feudal Age |
| 9:12 | Research | Feudal Age |
| 9:24 | Build | Mill |
| 9:38 | Build | Lumber Camp |
| 10:02 | Build | House |
| 10:08 | Build | House |
| 10:24 | Create | Villager (Male) |
| 10:27 | Create | Fishing Ship |
| 10:51 | Create | Fishing Ship |
| 11:14 | Create | Fishing Ship |
| 11:22 | Age | Feudal Age |
| 11:28 | Build | Stone Wall |
| 11:32 | Create | Villager (Male) |
| 11:46 | Build | Mining Camp |
| 12:00 | Build | Mill |
| 12:10 | Create | Villager (Male) |
| 12:29 | Build | Market |
| 12:32 | Create | Villager (Male) |
| 12:40 | Create | Villager (Male) |
| 12:52 | Create | Villager (Male) |
| 13:08 | Build | Blacksmith |
| 13:32 | Build | Fish Trap |
| 13:33 | Create | Villager (Male) |
| 13:47 | Build | Fish Trap |
| 14:10 | Create | Villager (Male) |
| 14:21 | Build | Fish Trap |
| 14:43 | Build | Fish Trap |
| 14:48 | Research | Castle Age |
| 15:00 | Create | Fishing Ship |
| 15:04 | Build | House |
| 15:28 | Build | Fish Trap |
| 15:47 | Create | Fishing Ship |
| 16:09 | Build | Fish Trap |
| 16:27 | Create | Fishing Ship |
| 16:49 | Build | Fish Trap |
| 16:58 | Create | Fishing Ship |
| 17:04 | Research | Double-Bit Axe |
| 17:04 | Research | Double-Bit Axe |
| 17:28 | Age | Castle Age |
| 17:32 | Research | Bow Saw |
| 17:37 | Build | Fish Trap |
| 17:48 | Create | Villager (Male) |
| 17:48 | Create | Villager (Male) |
| 18:13 | Build | University |
| 18:15 | Create | Villager (Male) |
| 18:16 | Create | Villager (Male) |
| 18:17 | Create | Villager (Male) |
| 18:18 | Create | Fishing Ship |
| 18:18 | Create | Fishing Ship |
| 18:23 | Build | House |
| 18:33 | Build | Lumber Camp |
| 18:39 | Build | Mining Camp |
| 18:46 | Build | House |
| 18:47 | Build | House |
| 18:52 | Create | Fishing Ship |
| 19:07 | Create | Fishing Ship |
| 19:20 | Build | Siege Workshop |
| 19:33 | Create | Villager (Male) |
| 19:37 | Build | Fish Trap |
| 19:44 | Create | Fishing Ship |
| 19:50 | Build | House |
| 19:51 | Build | House |
| 19:52 | Build | House |
| 20:02 | Build | Barracks |
| 20:12 | Research | Imperial Age |
| 20:13 | Research | Imperial Age |
| 20:24 | Create | Fishing Ship |
| 20:28 | Build | Fish Trap |
| 20:58 | Build | Archery Range |
| 21:10 | Build | Archery Range |
| 21:16 | Research | Chemistry |
| 21:16 | Research | Chemistry |
| 21:16 | Research | Chemistry |
| 21:22 | Build | Fish Trap |
| 21:36 | Create | Fishing Ship |
| 21:49 | Build | Siege Workshop |
| 22:02 | Research | Padded Archer Armor |
| 22:24 | Build | Fish Trap |
| 22:51 | Build | House |
| 22:52 | Build | House |
| 22:54 | Build | House |
| 23:00 | Research | Leather Archer Armor |
| 23:21 | Create | Villager (Male) |
| 23:22 | Age | Imperial Age |
| 23:23 | Create | Bombard Cannon ×3 |
| 23:23 | Create | Bombard Cannon ×3 |
| 23:23 | Create | Bombard Cannon ×3 |
| 23:31 | Create | Hand Cannoneer ×4 |
| 23:31 | Create | Hand Cannoneer ×4 |
| 23:31 | Create | Hand Cannoneer ×4 |
| 23:36 | Build | House |
| 23:41 | Build | Farm |
| 23:44 | Create | Villager (Male) |
| 24:00 | Build | Archery Range |
| 24:12 | Create | Hand Cannoneer ×3 |
| 24:22 | Create | Bombard Cannon |
| 24:41 | Create | Hand Cannoneer ×2 |
| 24:45 | Create | Villager (Male) |
| 24:47 | Create | Villager (Male) |
| 24:48 | Build | Farm |
| 24:49 | Build | Farm |
| 24:49 | Build | Farm |
| 24:54 | Research | Horse Collar |
Build order — GAO++pro a>n
First 150 of 385 actions detected
| 0:02 | Create | Villager (Male) ×4 |
| 0:02 | Create | Villager (Male) ×4 |
| 0:04 | Build | House |
| 0:06 | Build | House |
| 0:21 | Research | Loom |
| 0:21 | Research | Loom |
| 0:21 | Research | Loom |
| 0:21 | Create | Villager (Male) |
| 0:21 | Create | Villager (Male) |
| 0:22 | Create | Villager (Male) |
| 0:22 | Create | Villager (Male) |
| 0:22 | Create | Villager (Male) |
| 1:05 | Build | House |
| 1:20 | Build | Palisade Wall |
| 2:18 | Create | Villager (Male) |
| 2:18 | Create | Villager (Male) |
| 2:31 | Build | Palisade Wall |
| 2:52 | Create | Villager (Male) |
| 3:23 | Create | Villager (Male) |
| 3:23 | Create | Villager (Male) |
| 3:45 | Build | Palisade Wall |
| 3:56 | Create | Villager (Male) |
| 3:56 | Create | Villager (Male) |
| 4:20 | Create | Villager (Male) |
| 4:20 | Create | Villager (Male) |
| 4:26 | Build | Lumber Camp |
| 4:49 | Build | House |
| 4:52 | Create | Villager (Male) |
| 4:52 | Create | Villager (Male) |
| 5:19 | Create | Villager (Male) |
| 5:20 | Create | Villager (Male) |
| 5:20 | Create | Villager (Male) |
| 5:49 | Create | Villager (Male) |
| 5:49 | Create | Villager (Male) |
| 6:29 | Create | Villager (Male) |
| 6:29 | Create | Villager (Male) |
| 6:30 | Create | Villager (Male) |
| 7:04 | Build | Mill |
| 7:06 | Create | Villager (Male) |
| 7:47 | Create | Villager (Male) |
| 8:07 | Create | Villager (Male) ×4 |
| 8:07 | Create | Villager (Male) ×4 |
| 8:17 | Build | House |
| 8:18 | Build | House |
| 8:26 | Create | Villager (Male) |
| 8:26 | Create | Villager (Male) |
| 8:45 | Create | Villager (Male) ×2 |
| 8:45 | Create | Villager (Male) ×2 |
| 8:58 | Build | Mill |
| 9:19 | Create | Villager (Male) |
| 9:27 | Build | House |
| 9:30 | Create | Villager (Male) |
| 9:31 | Create | Villager (Male) |
| 9:37 | Build | Dock |
| 9:52 | Create | Villager (Male) |
| 9:53 | Create | Villager (Male) |
| 10:24 | Create | Fishing Ship |
| 10:30 | Create | Villager (Male) ×5 |
| 10:30 | Create | Villager (Male) ×5 |
| 10:36 | Create | Villager (Male) |
| 11:10 | Create | Fishing Ship |
| 11:10 | Create | Fishing Ship |
| 11:20 | Build | House |
| 11:21 | Build | House |
| 11:28 | Research | Feudal Age |
| 11:50 | Build | Mining Camp |
| 12:49 | Create | Fishing Ship |
| 13:25 | Create | Villager (Male) |
| 13:25 | Create | Villager (Male) |
| 13:25 | Create | Villager (Male) |
| 13:25 | Create | Villager (Male) |
| 13:29 | Create | Fishing Ship |
| 13:45 | Age | Feudal Age |
| 13:49 | Build | Stone Wall |
| 14:07 | Create | Villager (Male) |
| 14:07 | Create | Villager (Male) |
| 14:08 | Create | Villager (Male) |
| 14:08 | Create | Villager (Male) |
| 14:08 | Create | Villager (Male) |
| 14:08 | Create | Villager (Male) |
| 14:08 | Create | Villager (Male) |
| 14:09 | Create | Villager (Male) |
| 14:09 | Create | Villager (Male) |
| 14:09 | Create | Villager (Male) |
| 14:10 | Create | Villager (Male) |
| 14:10 | Create | Villager (Male) |
| 14:10 | Create | Villager (Male) |
| 14:10 | Create | Villager (Male) |
| 14:14 | Research | Double-Bit Axe |
| 14:31 | Build | Mining Camp |
| 14:42 | Build | Stone Wall |
| 14:46 | Build | Gate |
| 15:07 | Build | Stone Wall |
| 15:11 | Build | Gate |
| 15:15 | Create | Villager (Male) |
| 15:28 | Build | Farm |
| 15:29 | Build | Farm |
| 15:29 | Build | Farm |
| 15:30 | Build | Farm |
| 15:39 | Build | Blacksmith |
| 15:42 | Build | Market |
| 15:49 | Research | Gold Mining |
| 15:50 | Research | Gold Mining |
| 15:53 | Create | Villager (Male) |
| 16:11 | Build | Farm |
| 16:23 | Research | Castle Age |
| 17:05 | Build | House |
| 17:06 | Build | House |
| 17:06 | Build | House |
| 17:11 | Build | House |
| 18:35 | Build | House |
| 18:37 | Build | House |
| 18:44 | Build | Fish Trap |
| 18:48 | Build | Fish Trap |
| 18:53 | Build | Fish Trap |
| 18:58 | Build | Fish Trap |
| 19:03 | Build | Fish Trap |
| 19:20 | Age | Castle Age |
| 19:21 | Build | Town Center |
| 19:22 | Create | Villager (Male) |
| 19:22 | Create | Villager (Male) |
| 19:23 | Create | Villager (Male) |
| 19:23 | Create | Villager (Male) |
| 19:23 | Create | Villager (Male) |
| 19:33 | Build | Town Center |
| 19:34 | Create | Villager (Male) |
| 19:34 | Create | Villager (Male) |
| 19:35 | Create | Villager (Male) |
| 19:35 | Create | Villager (Male) |
| 19:35 | Create | Villager (Male) |
| 19:35 | Create | Villager (Male) |
| 19:36 | Create | Villager (Male) |
| 19:36 | Create | Villager (Male) |
| 19:36 | Create | Villager (Male) |
| 19:36 | Create | Villager (Male) |
| 19:50 | Build | Siege Workshop |
| 19:52 | Create | Villager (Male) |
| 19:52 | Create | Villager (Male) |
| 19:53 | Create | Villager (Male) |
| 19:53 | Create | Villager (Male) |
| 19:53 | Create | Villager (Male) |
| 19:54 | Create | Villager (Male) |
| 20:27 | Create | Villager (Male) |
| 20:27 | Create | Villager (Male) |
| 20:28 | Create | Villager (Male) |
| 20:31 | Create | Villager (Male) |
| 20:31 | Create | Villager (Male) |
| 20:43 | Create | Villager (Male) |
| 20:57 | Create | Mangonel |
| 20:57 | Create | Mangonel |
Match timeline
| 1:20 | GAO++pro a>n · wall_segment Palisade Wall x10 |
| 1:49 | GTOSCUD · wall_segment Palisade Wall x6 |
| 1:56 | IVC | wigibass · wall_segment Palisade Wall x1 |
| 1:58 | IVC | wigibass · wall_segment Palisade Wall x1 |
| 1:59 | IVC | wigibass · wall_segment Palisade Wall x1 |
| 2:02 | IVC | wigibass · wall_segment Palisade Wall x1 |
| 2:25 | IVC | wigibass · wall_segment Palisade Wall x1 |
| 2:26 | IVC | wigibass · wall_segment Palisade Wall x1 |
| 2:27 | Garibas · wall_segment Palisade Wall x8 |
| 2:31 | GAO++pro a>n · wall_segment Palisade Wall x7 |
| 2:41 | GTOSCUD · wall_segment Palisade Wall x8 |
| 2:54 | IVC | wigibass · wall_segment Palisade Wall x1 |
| 3:45 | GAO++pro a>n · wall_segment Palisade Wall x9 |
| 3:54 | GTOSCUD · wall_segment Palisade Wall x5 |
| 4:28 | IVC | wigibass · wall_segment Palisade Wall x4 |
| 4:29 | IVC | wigibass · wall_segment Palisade Wall x1 |
| 4:30 | GTOSCUD · wall_segment Palisade Wall x5 |
| 5:01 | IVC | wigibass · wall_segment Palisade Wall x1 |
| 5:53 | IVC | wigibass · first_building Dock |
| 6:09 | GTOSCUD · first_building Dock |
| 8:11 | IVC | wigibass · wall_segment Palisade Wall x1 |
| 9:19 | Garibas · first_building Dock |
| 9:37 | GAO++pro a>n · first_building Dock |
| 11:22 | GTOSCUD · age_up feudal |
| 11:28 | GTOSCUD · wall_segment Stone Wall x7 |
| 12:22 | IVC | wigibass · age_up feudal |
| 13:35 | Garibas · age_up feudal |
| 13:45 | GAO++pro a>n · age_up feudal |
| 13:49 | GAO++pro a>n · wall_segment Stone Wall x7 |
| 14:42 | GAO++pro a>n · wall_segment Stone Wall x11 |
| 15:07 | GAO++pro a>n · wall_segment Stone Wall x9 |
| 15:53 | IVC | wigibass · age_up castle |
| 15:54 | Garibas · wall_segment Stone Wall x6 |
| 16:09 | Garibas · wall_segment Stone Wall x8 |
| 17:03 | IVC | wigibass · first_market_sell 100 food |
| 17:05 | IVC | wigibass · first_market_buy 100 wood |
| 17:28 | GTOSCUD · age_up castle |
| 18:07 | Garibas · age_up castle |
| 18:20 | Garibas · first_building Barracks |
| 19:20 | GAO++pro a>n · age_up castle |
| 19:20 | GTOSCUD · first_building Siege Workshop |
| 19:27 | GAO++pro a>n · first_market_buy 100 wood |
| 19:50 | GAO++pro a>n · first_building Siege Workshop |
| 20:02 | GTOSCUD · first_building Barracks |
| 20:58 | GTOSCUD · first_building Archery Range |
| 21:04 | IVC | wigibass · first_building Monastery |
| 21:08 | GTOSCUD · first_market_buy 100 food |
| 22:44 | Garibas · wall_segment Stone Wall x8 |
| 22:54 | Garibas · wall_segment Stone Wall x8 |
| 23:05 | Garibas · first_building Stable |
| 23:22 | GTOSCUD · age_up imperial |
| 23:36 | IVC | wigibass · first_building Barracks |
| 23:48 | IVC | wigibass · wall_segment Stone Wall x18 |
| 24:20 | GTOSCUD · first_market_sell 100 wood |
| 24:36 | IVC | wigibass · first_building Stable |
| 25:20 | GAO++pro a>n · first_building Castle |
| 26:28 | GAO++pro a>n · first_building Barracks |
| 26:55 | GAO++pro a>n · first_building Monastery |
| 27:02 | IVC | wigibass · first_building Castle |
| 27:24 | GAO++pro a>n · first_building Archery Range |
| 29:15 | GTOSCUD · first_building Monastery |
| 29:54 | Garibas · first_market_sell 500 wood |
| 30:35 | IVC | wigibass · resign |
| 30:54 | GAO++pro a>n · wall_segment Stone Wall x12 |
| 31:26 | GAO++pro a>n · age_up imperial |
| 32:33 | GAO++pro a>n · first_building Stable |
| 33:50 | Garibas · wall_segment Stone Wall x1 |
[ AI ANALYSIS · 1 CREDIT ]
What really happened in this match?
Wolo.gg analyzes every decision: build order, eco, micro, common mistakes by bracket. Personalized analysis on WhatsApp or Discord in 30 seconds.
Civ guide
Burgundians
Map guide
Black Forest
Perfil
Garibas